 Dungeon Crawl Stone Soup version 0.29.0-7-g18a832c13a (webtiles) character file.

Game seed: 8423133365244293591

725 sleeves the Basher (level 7, -4/51 HPs)
             Began as a Palentonga Artificer on Sept 1, 2022.
             Killed by divine providence
             ... invoked by an orc priest
              (11 damage)
             ... on level 5 of the Dungeon.
             The game lasted 00:14:33 (5597 turns).

sleeves the Basher (Palentonga Artificer)           Turns: 5597, Time: 00:14:34

Health: -4/51      AC: 17    Str: 19    XL:     7   Next: 43%
Magic:  7/7        EV:  9    Int: 11    God:
Gold:   312        SH:  0    Dex: 11    Spells: 6/6 levels left

rFire   + . .      SeeInvis +   x - +3 whip (vamp)
rCold   . . .      Faith    .   (no shield)
rNeg    + . .      Spirit   .   r - +3 leather armour
rPois   .          Reflect  .   g - +0 helmet
rElec   .          Harm     .   B - +1 cloak
rCorr   .          Rampage  .   (no gloves)
Will    .....                   (no barding)
Stlth   +.........              (no amulet)
HPRegen 0.17/turn               o - ring of protection from fire
MPRegen 0.10/turn               b - ring of positive energy

@: about to teleport, curled up
A: large, rugged brown scales 3, see invisible, deformed body, roll 1, armoured
tail, reflexive curl
a: Rolling Charge


You were on level 5 of the Dungeon.
You visited 1 branch of the dungeon, and saw 5 of its levels.

You collected 312 gold pieces.

Inventory:

Hand Weapons
 x - a +3 vampiric whip (weapon)
   (You took it off a kobold on level 3 of the Dungeon)
Missiles
 j - 5 boomerangs (quivered)
 q - 3 javelins
 v - a poisoned dart
Armour
 g - a +0 helmet (worn)
   (You found it on level 1 of the Dungeon)
 r - a +3 leather armour (worn)
   (You took it off an orc on level 4 of the Dungeon)
 y - a +2 robe of willpower
   (You took it off Jessica on level 3 of the Dungeon)
 B - a +1 cloak (worn)
   (You found it on level 4 of the Dungeon)
Magical Staves
 k - a staff of poison
   (You took it off a kobold on level 1 of the Dungeon)
Jewellery
 b - a ring of positive energy (right hand)
   (You found it on level 2 of the Dungeon)
 o - a ring of protection from fire (left hand)
   (You found it on level 1 of the Dungeon)
Wands
 c - a wand of flame (39)
 d - a wand of charming (13)
 e - a wand of iceblast (5)
Scrolls
 h - a scroll of silence {unknown}
 l - a scroll of poison {unknown}
 p - a scroll of vulnerability {unknown}
 t - a scroll of summoning {unknown}
 w - 4 scrolls of identify
 z - a scroll of blinking {unknown}
 A - a scroll of teleportation
Potions
 a - a potion of cancellation {unknown}
 i - 2 potions of haste {unknown}
 m - a potion of resistance {unknown}
 n - a potion of berserk rage {unknown}
 s - 6 potions of curing {unknown}
 u - 2 potions of mutation {unknown}


   Skills:
 - Level 1.0 Fighting
 + Level 8.2 Maces & Flails
 - Level 1.5 Armour
 - Level 0.7 Dodging
 - Level 0.5 Stealth
 - Level 2.6 Evocations


You had 6 spell levels left.
You didn't know any spells.
Your spell library contained the following spells:

 Spells                   Type           Power      Damage    Failure   Level
 Magic Dart               Conj           0%         1d3       38%         1
 Shock                    Conj/Air       0%         1d3       38%         1
 Searing Ray              Conj           0%         2d4       54%         2
 Swiftness                Air            0%         N/A       77%         3
 Airstrike                Air            0%         2d(0-16)  99%         4
 Fulminant Prism          Conj/Hex       0%         3d6       99%         4


Dungeon Overview and Level Annotations

Branches:
Dungeon (5/15)
 Temple: D:4-7

Altars:
Ashenzari
Elyvilon
Fedhas
Okawaru
Uskayaw
Wu Jian
Yredelemnul
Zin

Shops:
D:2 [


Innate Abilities, Weirdness & Mutations

You are completely covered in rugged brown scales. (AC +3, +7% HP)
You have supernaturally acute eyesight. (SInv)
Armour fits poorly on your strangely shaped body.
You can roll at nearby foes to attack.
You have a long armoured tail.
You curl defensively after being hit. (AC +7*)


Message History

Jessica the Apprentice Sorceress comes into view.
She is wielding a +0 dagger, wearing a +2 robe of willpower and carrying a wand of flame (25).
Jessica shouts!
Jessica is nearby!
Jessica is nearby!
Jessica is nearby!
Jessica zaps a wand.
The puff of flame hits you. You resist.
You start resting.
Jessica is nearby!
You start resting.
Jessica is nearby!
Jessica casts a spell.
Jessica blinks!
You barely miss Jessica. Jessica closely misses you.
You whack Jessica!
You feel better.
Jessica is almost dead.
Jessica mumbles some strange words.
Jessica blinks!
You hit Jessica.
You kill Jessica!
Your Maces & Flails skill increases to level 5!
No target in view!
No target in view!
c - a wand of flame (39) (gained 24 charges)
Things that are here:
a +0 dagger; a +2 robe of willpower
y - a +2 robe of willpower You start removing your armour.
You continue taking off your +0 ring mail. x4
You finish taking off your +0 ring mail.
You start putting on your armour.
You continue putting on your +2 robe of willpower. x5
You finish putting on your +2 robe of willpower.
You feel strong-willed.
You drop a +0 ring mail.
You now have 191 gold pieces (gained 17).
You open the door.
There is an open door here.
You see here a +0 club.
Partly explored, can't reach some places.
Partly explored, can't reach some places.
Partly explored, can't reach some places.
Partly explored, can't reach some places.
Partly explored, can't reach some places.
Partly explored, can't reach some places.
(D) Dungeon
Where to? (Enter - D:2 @ (x,y), ? - help)
There is a stone staircase leading down here.
You climb downwards.
Found a book of Air and 9 gold pieces.
There is a stone staircase leading up here.
There are monsters nearby!
A gnoll comes into view. It is wielding a +0 halberd.
The gnoll barely misses you.
You hit the gnoll. You tail-slap the gnoll.
The gnoll is severely wounded.
You hit the gnoll.
You kill the gnoll!
The gnoll shouts! x2
There is a stone staircase leading up here.
The gnoll barely misses you.
The gnoll hits you from afar with a +0 halberd!
The gnoll closely misses you. x2
You climb upwards.
There is a stone staircase leading down here.
You whack the gnoll!
Your tail-slap misses the gnoll.
The gnoll is severely wounded.
The gnoll barely misses you.
You hit the gnoll.
The gnoll is almost dead.
The gnoll hits you with a +0 club.
You hit the gnoll.
The gnoll is almost dead.
The gnoll hits you with a +0 club.
You are too injured to fight recklessly!
You are too injured to fight recklessly!
You are too injured to fight recklessly!
You completely miss the gnoll.
The gnoll is almost dead.
The gnoll hits you but does no damage.
You closely miss the gnoll.
The gnoll is almost dead.
The gnoll hits you but does no damage.
You barely miss the gnoll. You tail-slap the gnoll.
You kill the gnoll!
You see here a +0 club.
There is a stone staircase leading down here.
You see here a ring of see invisible.
There is a stone staircase leading down here.
You climb downwards.
Found 30 gold pieces.
There is a stone staircase leading up here.
A giant cockroach is nearby!
A giant cockroach is nearby!
The gnoll shouts!
A dart slug comes into view.
There is a stone staircase leading up here.
The dart slug launches a dart at you.
The slug dart hits you but does no damage.
The dart slug launches a dart at you.
The slug dart hits you but does no damage.
You barely miss the giant cockroach. The giant cockroach misses you.
You closely miss the giant cockroach. You tail-slap the giant cockroach.
The giant cockroach is moderately wounded.
The giant cockroach bites you but does no damage.
The gnoll barely misses you.
You closely miss the giant cockroach.
The giant cockroach is moderately wounded.
The giant cockroach bites you but does no damage.
You hit the giant cockroach but do no damage.
The giant cockroach is moderately wounded.
The gnoll misses you.
The giant cockroach bites you but does no damage.
You hit the giant cockroach.
You feel better.
The giant cockroach is heavily wounded.
The gnoll hits you from afar with a +0 halberd!
The dart slug launches a dart at you.
The slug dart hits you but does no damage.
The giant cockroach barely misses you.
The gnoll hits you from afar with a +0 halberd.
The giant cockroach closely misses you. The dart slug launches a dart at you.
The slug dart hits you.
* * * LOW HITPOINT WARNING * * *
You climb upwards.
There is a stone staircase leading down here.
You barely miss the giant cockroach. You tail-slap the giant cockroach.
You kill the giant cockroach!
You start resting.
HP restored.
Unknown command.
There is a stone staircase leading down here.
You climb downwards.
The kobold shouts!
You hear a shout!
Found a quarterstaff, a scroll labelled JEC BATURGHEYWAG and 15 gold pieces.
There is a stone staircase leading up here.
You closely miss the kobold. The kobold hits you but does no damage.
You hit the kobold.
You kill the kobold!
No target in view!
No target in view!
A jackal comes into view.
The jackal barks!
You hear a shout!
A jackal comes into view.
A gnoll comes into view. It is wielding a +0 whip.
Found 8 stones.
The gnoll shouts!
The jackal barks!
You hear a shout!
A gnoll comes into view. It is wielding a +0 club.
You hear a shout! x2
An orc comes into view. It is wielding a +0 mace.
The orc moves out of view.
There is a stone staircase leading up here.
An orc comes into view. It is wielding a +0 club.
You closely miss the jackal.
The jackal bites you but does no damage.
A jackal comes into view.
The jackal bites you but does no damage.
You closely miss the jackal. The jackal completely misses you.
The jackal bites you but does no damage.
You hit the jackal.
You tail-slap the jackal, but do no damage.
The jackal is severely wounded.
The jackal bites you but does no damage. x2
The jackal closely misses you.
You whack the jackal!
You kill the jackal!
The jackal bites you.
You hit the gnoll.
You feel better.
Your tail-slap misses the gnoll.
The gnoll is lightly wounded.
The jackal bites you but does no damage.
The gnoll hits you with a +0 whip.
The jackal bites you but does no damage.
The jackal barely misses you. The jackal bites you.
The gnoll hits you with a +0 whip.
You climb upwards.
There is a stone staircase leading down here.
The jackal barely misses you. The gnoll attacks as you move away!
The gnoll barely misses you. The jackal attacks as you move away!
The jackal barely misses you.
The jackal bites you but does no damage. x3
The jackal attacks as you move away! The jackal closely misses you.
The jackal attacks as you move away!
The jackal bites you but does no damage.
The jackal attacks as you move away!
The jackal bites you but does no damage.
The jackal attacks as you move away! The jackal misses you.
The jackal attacks as you move away!
The jackal bites you but does no damage.
The jackal bites you but does no damage.
The jackal attacks as you move away!
The jackal bites you but does no damage.
The jackal barely misses you. The jackal attacks as you move away!
The jackal closely misses you.
The jackal bites you but does no damage.
The jackal bites you. The jackal attacks as you move away!
The jackal barely misses you. The jackal attacks as you move away!
The jackal misses you. The jackal attacks as you move away!
The jackal bites you but does no damage.
You hit the jackal.
You kill the jackal!
You hit the jackal.
You feel better.
The jackal is almost dead.
The jackal bites you but does no damage. x2
You closely miss the jackal.
The jackal is almost dead.
The jackal barely misses you.
You hit the jackal.
You kill the jackal!
You barely miss the gnoll.
The gnoll is lightly wounded.
The gnoll closely misses you.
You hit the gnoll.
You feel better.
The gnoll is heavily wounded.
The gnoll hits you with a +0 whip.
You whack the gnoll!
You feel better.
You kill the gnoll!
No target in view!
No target in view!
No target in view!
No target in view!
No target in view!
No target in view!
No target in view!
No target in view!
No target in view!
No target in view!
No target in view!
No target in view!
Partly explored, can't reach some places.
Partly explored, can't reach some places.
Partly explored, can't reach some places.
Items here: ) †††.
There is a stone staircase leading down here.
You climb downwards.
There is a stone staircase leading up here.
A gnoll is nearby!
A gnoll is nearby!
Things that are here:
a +0 short sword; a kobold corpse A gnoll comes into view.
It is wielding a +0 spear.
You hit the gnoll.
Your tail-slap misses the gnoll.
The gnoll is moderately wounded.
The gnoll hits you but does no damage.
You whack the gnoll!
The gnoll is almost dead.
The gnoll barely misses you.
You hit the gnoll.
You kill the gnoll!
The gnoll hits you but does no damage. The gnoll hits you with a +0 spear.
You hit the gnoll.
The gnoll is moderately wounded.
The gnoll closely misses you.
You hit the gnoll.
You feel better.
You tail-slap the gnoll.
The gnoll is severely wounded.
You hit the gnoll.
You kill the gnoll!
A gnoll comes into view. It is wielding a +0 club.
Things that are here:
a +0 spear; a gnoll corpse The gnoll hits you but does no damage.
You barely miss the gnoll. The gnoll closely misses you.
You whack the gnoll!
The gnoll is heavily wounded.
The gnoll hits you but does no damage.
A kobold comes into view. It is wielding a +0 club.
You closely miss the gnoll.
The gnoll is heavily wounded.
The kobold shouts!
You hear a shout!
The gnoll hits you with a +0 club.
You hit the gnoll.
You kill the gnoll!
An orc comes into view. It is wielding a +0 mace.
The orc moves out of view.
Found 4 large rocks and 11 gold pieces.
The orc shouts!
You hear a shout! x2
The kobold closely misses you.
You closely miss the orc. The orc hits you with a +0 mace.
The kobold hits you but does no damage.
You hit the orc.
The orc is heavily wounded.
An orc comes into view. It is wielding a +0 hand axe.
The kobold closely misses you. The orc barely misses you.
The orc shouts!
You whack the orc!
You kill the orc!
The kobold hits you but does no damage.
You miss the kobold. The kobold closely misses you.
An orc comes into view. It is wielding a +0 club.
You closely miss the kobold. You hit the kobold.
The kobold is moderately wounded.
The kobold hits you with a +0 club.
You barely miss the kobold.
The kobold is moderately wounded.
The kobold barely misses you.
You hit the kobold but do no damage.
The kobold is moderately wounded.
The kobold completely misses you.
You whack the kobold!
You feel better.
You kill the kobold!
The orc attacks as you move away! The orc hits you but does no damage.
The orc attacks as you move away! The orc closely misses you.
You see here a scroll labelled JEC BATURGHEYWAG.
Found 3 scrolls labelled IXONY KAHIS.
You hit the orc.
Your tail-slap misses the orc.
The orc is heavily wounded.
The orc hits you with a +0 club.
You hit the orc.
Your tail-slap misses the orc.
The orc is severely wounded.
You hit the orc.
You feel better.
You kill the orc!
You whack the orc!
You kill the orc!
You hit the orc.
You feel better.
The orc is almost dead.
The orc barely misses you.
You hit the orc.
You feel better.
You kill the orc!
You barely miss the orc. You closely miss the orc.
The orc hits you but does no damage.
You barely miss the orc. The orc closely misses you.
You hit the orc. You tail-slap the orc.
You kill the orc!
No target in view!
No target in view!
Items here: )))) [[[ †††.
r - a +3 leather armour You start removing your armour.
You continue taking off your +2 robe of willpower. x4
You finish taking off your +2 robe of willpower.
You feel less strong-willed.
You start putting on your armour.
You continue putting on your +3 leather armour. x5
You finish putting on your +3 leather armour.
z - a scroll labelled JEC BATURGHEYWAG
Items here: )))) [[ †††.
w - 4 scrolls labelled IXONY KAHIS (gained 3)
You now have 202 gold pieces (gained 11).
An orc comes into view. It is wielding a +0 flail.
You see here a +0 club.
An orc is nearby!
The orc shouts!
The orc throws a stone.
The stone hits you but does no damage. The orc hits you with a +0 flail.
You hit the orc.
You tail-slap the orc, but do no damage.
The orc is moderately wounded.
The orc hits you with a +0 flail.
You hit the orc. You tail-slap the orc.
You kill the orc!
No target in view!
No target in view!
Search for what [Enter for "mace", or ? for help]? armor HP restored.
f - 41 stones (gained 8)
You now have 216 gold pieces (gained 14).
Things that are here:
a +0 flail; a +0 chain mail You now have 231 gold pieces (gained 15).
You see here a +0 club.
f - 49 stones (gained 8)
You see here a +0 club.
A - a scroll labelled RUCEOB ROHUZIT An orc comes into view.
It is wielding a +0 dagger.
An orc is nearby!
An orc is nearby!
You whack the orc!
You kill the orc!
No target in view!
No target in view!
Things that are here:
a +0 dagger; a scroll labelled RUCEOB ROHUZIT A worm is nearby!
A hobgoblin comes into view.
The hobgoblin shouts!
A black bear comes into view.
The worm bites you.
The black bear growls angrily.
You hit the worm.
You feel better.
Your tail-slap misses the worm.
The worm is lightly wounded.
The worm bites you but does no damage.
You hit the worm.
You feel better.
Your tail-slap misses the worm.
The worm is lightly wounded.
There is a stone staircase leading up here.
You climb upwards.
There is a stone staircase leading down here.
There is an escape hatch in the floor here.
You see here a +0 whip.
Items here: ) ÷÷÷.
There is a stone staircase leading down here.
You climb downwards.
The hobgoblin shouts!
There is a stone staircase leading up here.
You closely miss the hobgoblin. The hobgoblin closely misses you.
You barely miss the hobgoblin. You tail-slap the hobgoblin.
You kill the hobgoblin!
No target in view!
No target in view!
You now have 247 gold pieces (gained 16).
You now have 261 gold pieces (gained 14).
There is a stone staircase leading up here.
You pick up a book of Air and begin reading...
You add the spells Shock, Swiftness and Airstrike to your library.
You now have 270 gold pieces (gained 9).
A dart slug is nearby!
The dart slug launches a dart at you.
The slug dart hits you but does no damage.
The dart slug launches a dart at you.
The slug dart hits you but does no damage.
You see here 4 stones.
You hit the dart slug.
The dart slug is heavily wounded.
The dart slug launches a dart at you.
The slug dart hits you but does no damage.
You whack the dart slug!
You kill the dart slug!
No target in view!
f - 53 stones (gained 4)
A - 2 scrolls labelled RUCEOB ROHUZIT (gained 1)
You see here a +0 dagger.
Found a scale mail.
An endoplasm comes into view.
Found 7 stones.
The endoplasm quivers.
You see here a +1 cloak.
B - a +1 cloak You hit the endoplasm.
You tail-slap the endoplasm.
You kill the endoplasm!
No target in view!
No target in view!
No target in view!
You start removing your armour.
You continue taking off your +0 cloak. x4
You finish taking off your +0 cloak.
You start putting on your armour.
You continue putting on your +1 cloak. x5
You finish putting on your +1 cloak.
You drop a +0 cloak.
A black bear is nearby!
You see here a +0 cloak.
An iguana comes into view.
An iguana is nearby!
The iguana bites you.
The iguana bites you but does no damage.
The iguana attacks as you move away! The iguana bites you.
Found a stone staircase leading down.
The iguana closely misses you. The iguana attacks as you move away!
The iguana bites you! The iguana attacks as you move away!
The iguana closely misses you.
You hit the iguana.
You feel better.
The iguana is lightly wounded.
You hit the iguana.
You feel better.
Your punch misses the iguana.
The iguana is moderately wounded.
The iguana bites you.
You hit the iguana.
You feel better.
Your tail-slap misses the iguana.
The iguana is heavily wounded.
The iguana bites you!
You are too injured to fight recklessly!
You are too injured to fight recklessly!
You are too injured to fight recklessly!
You hit the iguana.
The iguana is heavily wounded.
The iguana bites you but does no damage.
You hit the iguana.
You feel better.
The iguana is almost dead.
The iguana bites you but does no damage.
You barely miss the iguana.
Your tail-slap misses the iguana.
The iguana is almost dead.
You whack the iguana!
You feel better.
You kill the iguana!
Your Maces & Flails skill increases to level 6!
You have reached level 6!
You see here a hobgoblin corpse.
There is a stone staircase leading up here.
You start resting.
A black bear is nearby!
The black bear growls angrily.
You climb upwards.
There is a stone staircase leading down here.
You start resting.
HP restored.
Unknown command.
There is a stone staircase leading down here.
You climb downwards.
There is a stone staircase leading up here.
You climb upwards.
There is a stone staircase leading down here.
You see here a ring of see invisible.
You see here a +0 whip.
There is a stone staircase leading down here.
You climb downwards.
There is a stone staircase leading up here.
The gnoll shouts!
The gnoll closely misses you.
You barely miss the gnoll. You punch the gnoll.
The gnoll is lightly wounded.
The gnoll barely misses you.
You hit the gnoll.
The gnoll is moderately wounded.
The gnoll hits you with a +0 halberd!
You hit the gnoll but do no damage. You tail-slap the gnoll!
The gnoll is almost dead.
The gnoll hits you but does no damage.
You hit the gnoll.
The gnoll is almost dead.
You whack the gnoll!
You feel better.
You kill the gnoll!
No target in view!
No target in view!
A worm is nearby!
You whack the worm!
You feel better.
The worm is heavily wounded.
You completely miss the worm.
The worm is heavily wounded.
The worm bites you.
You hit the worm.
You feel better.
You tail-slap the worm.
The worm is almost dead.
You whack the worm!
You kill the worm!
No target in view!
f - 60 stones (gained 7)
You see here a +0 halberd.
You see here a worm corpse.
The hobgoblin shouts!
A hobgoblin is nearby!
The gnoll shouts!
You closely miss the hobgoblin.
Your tail-slap misses the hobgoblin.
The hobgoblin closely misses you.
You closely miss the hobgoblin.
The hobgoblin hits you but does no damage.
The gnoll hits you from afar with a +0 halberd!
You barely miss the hobgoblin. The hobgoblin barely misses you.
The gnoll hits you from afar with a +0 halberd.
You whack the hobgoblin!
You feel better.
You kill the hobgoblin!
The gnoll hits you but does no damage. The gnoll closely misses you.
You hit the gnoll.
The gnoll is moderately wounded.
You completely miss the gnoll. You tail-slap the gnoll.
The gnoll is severely wounded.
The gnoll misses you.
You hit the gnoll.
The gnoll is almost dead.
The gnoll barely misses you.
You whack the gnoll!
You feel better.
You kill the gnoll!
No target in view!
HP restored.
Found a stone staircase leading down.
Found a stone staircase leading down.
There is a stone staircase leading down here.
An adder comes into view.
The adder hisses angrily.
An adder is nearby!
An adder is nearby!
You closely miss the adder. The adder bites you but does no damage.
You hit the adder but do no damage.
Your tail-slap misses the adder.
The adder barely misses you.
You closely miss the adder.
The adder bites you but does no damage. x2
You whack the adder!
The adder is almost dead.
You completely miss the adder.
Your tail-slap misses the adder.
Your punch misses the adder.
The adder is almost dead.
The adder barely misses you.
You barely miss the adder.
The adder is almost dead.
The adder bites you. The adder bites you but does no damage.
You closely miss the adder.
The adder is almost dead.
The adder bites you but does no damage.
You miss the adder.
The adder is almost dead.
The adder closely misses you.
You barely miss the adder.
The adder is almost dead.
The adder bites you but does no damage.
You hit the adder.
The adder is almost dead.
The adder bites you but does no damage.
You miss the adder.
The adder is almost dead.
The adder closely misses you.
You closely miss the adder.
The adder is almost dead.
The adder bites you but does no damage.
You barely miss the adder.
Your tail-slap misses the adder.
The adder is almost dead.
The adder barely misses you.
You closely miss the adder.
The adder is almost dead.
The adder barely misses you.
You barely miss the adder.
The adder is almost dead.
The adder closely misses you.
You miss the adder. You tail-slap the adder.
You kill the adder!
No target in view!
A black bear is nearby!
A black bear is nearby!
A black bear is nearby!
You see here a +0 dagger.
There is a stone staircase leading down here.
You climb downwards.
The hound barks!
Found 7 gold pieces, a robe and a leather armour.
Found a stone staircase leading up.
There is a stone staircase leading up here.
You whack the hound!
Your tail-slap misses the hound.
The hound is heavily wounded.
The hound completely misses you.
You whack the hound!
You kill the hound!
No target in view!
No target in view!
There is a stone staircase leading up here.
You now have 277 gold pieces (gained 7).
Found a white marble altar of Elyvilon.
You now have 283 gold pieces (gained 6).
An adder comes into view.
The adder hisses angrily.
An adder is nearby!
You miss the adder.
Your tail-slap misses the adder.
The adder barely misses you.
You closely miss the adder. The adder bites you but does no damage.
You whack the adder! You tail-slap the adder.
The adder is severely wounded.
The adder bites you but does no damage.
You hit the adder.
You kill the adder!
No target in view!
No target in view!
You see here an adder corpse.
An orc comes into view. It is wielding a +0 short sword.
Found 17 gold pieces and a fuming clear potion.
The orc shouts!
You hear a shout!
An orc is nearby!
An orc is nearby!
A centaur comes into view.
The centaur wields a +0 shortbow.
The centaur shoots an arrow.
The arrow completely misses you. The orc hits you with a +0 short sword.
The centaur shoots an arrow.
The arrow hits you.
You hit the orc.
You feel better.
The orc is heavily wounded.
The centaur shoots an arrow.
The arrow hits you but does no damage. The orc barely misses you.
The centaur shoots an arrow.
The arrow barely misses you. The orc hits you but does no damage.
The centaur shoots an arrow.
The arrow hits you. The orc hits you but does no damage.
There are no items here.
The orc hits you with a +0 short sword.
You hit the orc.
The orc is severely wounded.
The orc hits you but does no damage.
You whack the orc!
You kill the orc!
The centaur unwields a +0 shortbow.
The centaur barely misses you. The centaur closely misses you.
You whack the centaur!
You feel better.
You tail-slap the centaur.
The centaur is heavily wounded.
The centaur closely misses you.
The centaur kicks you but does no damage.
You hit the centaur. Your punch misses the centaur.
The centaur is severely wounded.
The centaur barely misses you.
The centaur kicks you but does no damage.
You hit the centaur.
The centaur is almost dead.
The centaur closely misses you. x2
You whack the centaur!
You kill the centaur!
No target in view!
No target in view!
j - 5 boomerangs (gained 1)
Things that are here:
a +0 short sword; a +0 leather armour; an orc corpse
n - a fuming clear potion
Things that are here:
a +0 short sword; a +0 leather armour; an orc corpse An adder comes into view.
The adder hisses angrily.
An adder is nearby!
An orc comes into view. It is wielding a +0 flail.
Found a hand axe.
The orc shouts!
You hear a shout!
You closely miss the adder. The adder bites you but does no damage.
You completely miss the adder. The adder barely misses you.
You barely miss the adder. The adder bites you but does no damage.
You closely miss the adder. The adder bites you but does no damage.
You hit the adder but do no damage.
Your tail-slap misses the adder.
The adder bites you but does no damage.
You barely miss the adder.
Your tail-slap misses the adder.
The adder bites you but does no damage.
You completely miss the adder.
Your tail-slap misses the adder.
The adder bites you but does no damage.
You closely miss the adder. The adder completely misses you.
The orc barely misses you.
You whack the adder!
The adder is almost dead.
The adder bites you but does no damage.
You hit the adder.
You kill the adder!
The orc barely misses you.
You hit the orc but do no damage. The orc hits you but does no damage.
You closely miss the orc.
Your tail-slap misses the orc.
Your punch misses the orc. You barely miss the orc. The orc barely misses you.
A dart slug comes into view.
You hit the orc.
The orc is heavily wounded.
The orc hits you but does no damage.
You hit the orc.
You kill the orc!
The dart slug launches a dart at you. The slug dart misses you.
You hit the dart slug. You tail-slap the dart slug.
The dart slug is severely wounded.
You whack the dart slug!
You kill the dart slug!
No target in view!
No target in view!
You now have 300 gold pieces (gained 17).
You now have 312 gold pieces (gained 12).
Things that are here:
a +0 flail; an orc corpse An orc comes into view.
It is wielding a +0 club.
An orc is nearby!
An orc is nearby!
An orc is nearby!
Things that are here:
a +0 flail; an orc corpse
C - a +0 flail You drop a +0 flail.
You see here a dart slug corpse.
Found a flail.
Found an iron altar of Okawaru.
A hound comes into view.
Found a stone staircase leading up.
A hound is nearby!
You see here a +0 flail.
The hound barks!
An iguana comes into view.
The hound completely misses you.
You hit the hound.
The hound is lightly wounded.
The hound closely misses you.
You whack the hound!
The hound is heavily wounded.
The hound bites you.
You barely miss the hound.
The hound is heavily wounded.
The hound bites you but does no damage.
You hit the hound.
You feel better.
Your tail-slap misses the hound.
The hound is heavily wounded.
The hound bites you but does no damage.
You hit the hound.
The hound is severely wounded.
The hound barely misses you. The hound bites you but does no damage.
You hit the hound.
The hound is almost dead.
The iguana bites you. The hound closely misses you.
You hit the hound.
You feel better.
You kill the hound!
The iguana barely misses you.
Your Maces & Flails skill increases to level 7!
You whack the iguana! You tail-slap the iguana.
The iguana is heavily wounded.
You hit the iguana.
You tail-slap the iguana, but do no damage.
The iguana is severely wounded.
The iguana bites you but does no damage.
You hit the iguana but do no damage.
You tail-slap the iguana, but do no damage.
The iguana is severely wounded.
The iguana closely misses you.
You closely miss the iguana.
Your tail-slap misses the iguana.
The iguana is severely wounded.
The iguana bites you.
You hit the iguana but do no damage.
The iguana is severely wounded.
You closely miss the iguana. You tail-slap the iguana.
You kill the iguana!
No target in view!
No target in view!
No target in view!
A hound comes into view.
A hound is nearby!
A hound is nearby!
A hound is nearby!
The hound bites you but does no damage. x2
You hit the hound.
You feel better.
The hound is lightly wounded.
The hound bites you but does no damage.
You miss the hound.
The hound is lightly wounded.
The hound barely misses you.
You hit the hound.
You feel better.
The hound is heavily wounded.
The hound bites you but does no damage.
You hit the hound.
The hound is heavily wounded.
The hound bites you but does no damage.
You closely miss the hound.
The hound is heavily wounded.
The hound bites you.
You closely miss the hound.
The hound is heavily wounded.
The hound bites you. The hound barely misses you.
You closely miss the hound.
Your tail-slap misses the hound.
The hound is heavily wounded.
The hound barely misses you.
You closely miss the hound.
The hound is heavily wounded.
The hound bites you.
You closely miss the hound.
Your tail-slap misses the hound.
The hound is heavily wounded.
The hound closely misses you.
You completely miss the hound. You tail-slap the hound!
You kill the hound!
You have reached level 7!
You now curl defensively after being hit.
HP restored.
You see here a hound corpse.
A centaur comes into view.
A centaur is nearby!
A centaur is nearby!
The centaur wields a +0 shortbow.
The centaur shoots an arrow.
The arrow closely misses you.
The centaur shoots an arrow.
The arrow closely misses you.
The centaur shoots an arrow.
The arrow hits you.
A scorpion comes into view.
The centaur shoots an arrow.
The arrow hits you but does no damage.
The centaur unwields a +0 shortbow.
The centaur hits you but does no damage.
The centaur barely misses you.
You hit the centaur.
You feel better.
The centaur is lightly wounded.
The centaur hits you.
The centaur kicks you but does no damage.
The centaur hits you but does no damage.
The centaur kicks you but does no damage.
You hit the centaur.
You feel better.
The centaur is lightly wounded.
The centaur misses you. The centaur closely misses you.
You hit the centaur.
You feel better.
You tail-slap the centaur, but do no damage.
The centaur is moderately wounded.
The centaur barely misses you. x2
You hit the centaur.
You feel better.
The centaur is heavily wounded.
The centaur hits you.
The centaur kicks you but does no damage.
You hit the centaur.
You feel better.
The centaur is severely wounded.
The centaur hits you but does no damage.
The centaur kicks you but does no damage.
You barely miss the centaur. You tail-slap the centaur.
The centaur is almost dead.
The centaur hits you but does no damage.
The centaur kicks you but does no damage.
You hit the centaur.
The centaur is almost dead.
The centaur hits you but does no damage.
The centaur barely misses you.
You barely miss the centaur.
The centaur is almost dead.
The centaur closely misses you.
The centaur kicks you but does no damage.
You barely miss the centaur.
Your tail-slap misses the centaur.
The centaur is almost dead.
The centaur hits you but does no damage.
The centaur kicks you but does no damage.
You whack the centaur!
You kill the centaur!
You whack the scorpion!
The scorpion is moderately wounded.
The scorpion stings you.
You are poisoned.
The scorpion poisons you!
You hit the scorpion.
You feel better.
The scorpion is heavily wounded.
You feel sick. The scorpion stings you.
You are more poisoned.
The scorpion poisons you!
You hit the scorpion.
The scorpion is heavily wounded.
You feel sick. The scorpion stings you.
You are more poisoned.
The scorpion poisons you!
You hit the scorpion.
You feel better.
The scorpion is almost dead.
You feel very sick. The scorpion closely misses you.
You hit the scorpion.
You feel better.
The scorpion is almost dead.
You feel very sick.
The scorpion stings you but does no damage.
You barely miss the scorpion.
The scorpion is almost dead.
You feel sick.
You whack the scorpion!
You feel better.
You kill the scorpion!
You feel sick.
Your Maces & Flails skill increases to level 8!
No target in view!
No target in view!
You feel very sick.
You feel sick.
You feel sick.
You feel sick.
You feel sick.
You feel sick.
You feel sick.
You feel sick.
You are no longer poisoned.
Key pressed, stopping explore.
w - 5 scrolls labelled IXONY KAHIS (gained 1)
You see here a +0 shortbow.
f - 69 stones (gained 9)
u - 2 lumpy dark potions (gained 1)
Found a blossoming altar of Fedhas.
Found a stone staircase leading down.
A scorpion comes into view.
You hit the scorpion but do no damage. The scorpion closely misses you.
You closely miss the scorpion.
The scorpion stings you but does no damage.
You hit the scorpion.
The scorpion is moderately wounded.
The scorpion stings you but does no damage.
You hit the scorpion.
The scorpion is heavily wounded.
You hit the scorpion. You tail-slap the scorpion.
The scorpion is severely wounded.
The scorpion barely misses you.
You hit the scorpion.
You kill the scorpion!
No target in view!
No target in view!
No target in view!
No target in view!
You drop 69 stones.
Found a stone staircase leading down.
An orc comes into view. It is wielding a +0 flail.
Found a robe.
An orc is nearby!
An orc priest comes into view. It is wielding a +0 flail.
The orc priest shouts!
You hear a shout!
You hear an angry hiss.
An orc comes into view. It is wielding a +0 flail.
An orc comes into view. It is wielding a +0 trident.
An adder comes into view.
Found a green potion.
The adder hisses angrily.
The adder moves out of view.
You barely miss the orc priest. The orc hits you but does no damage.
The orc priest looks satisfied for a moment.
You hit the orc priest.
The orc priest is lightly wounded.
The orc hits you but does no damage. The orc priest barely misses you.
You closely miss the orc priest.
Your tail-slap misses the orc priest.
The orc priest is lightly wounded.
You barely miss the orc priest.
Your tail-slap misses the orc priest.
The orc priest is lightly wounded.
The orc hits you with a +0 flail.
The orc hits you from afar with a +0 trident!
The orc priest hits you with a +0 flail.
An orc comes into view. It is wielding a +0 flail.
The orc priest attacks as you move away!
The orc priest hits you with a +0 flail.
The orc shouts!
The orc priest attacks as you move away!
The orc priest hits you with a +0 flail.
The orc attacks as you move away! The orc hits you but does no damage.
The orc attacks as you move away! The orc hits you but does no damage.
The orc attacks as you move away! The orc hits you with a +0 flail!
* * * LOW HITPOINT WARNING * * *
The orc priest calls down the wrath of Beogh upon you.
Beogh smites you!
* * * LOW HITPOINT WARNING * * *
The orc hits you with a +0 club.
* * * LOW HITPOINT WARNING * * *
Okay, then.
Unknown command.
Okay, then.
Unknown command.
Okay, then.
Okay, then.
As you read the scroll labelled IXONY KAHIS, it crumbles to dust.
It is a scroll of identify.
A - 2 scrolls of teleportation The orc hits you with a +0 club.
* * * LOW HITPOINT WARNING * * *
The orc closely misses you.
Okay, then.
As you read the scroll of teleportation, it crumbles to dust.
You feel strangely unstable. The orc barely misses you.
The orc priest invokes the aid of Beogh against you.
Beogh smites you!
You die...

#####...#......#PP_PP.##
.<..†...#...#...P.P.P..#
....#...#######.P.PPP..#
..†.##..# ####.........##
.#.####.###.###...#.....#
.#...........(.....>....##
....#....##..##..........##
..)##...###.####..........#
........##...# #@.........#
#...........####oo.......##
#.#.#.♣.♣.#....oo....##.##
..............oS##...####
....♣.♣.♣.♣..........#
......._............##
....♣.♣.♣.♣.......###
................#.#
....#.♣.♣.#....####


You could see an orc priest, an adder and 4 orcs.

Vanquished Creatures
  2 centaurs (D:5)
  2 scorpions (D:5)
  3 hounds (D:5)
  Jessica (D:3)
  2 iguanas
  11 gnolls
  9 adders
  A worm (D:4)
  4 dart slugs
  9 orcs
  4 endoplasms
  4 giant cockroaches
  2 goblins
  6 hobgoblins
  6 jackals
  10 kobolds
  2 quokkas
  4 ball pythons
  5 bats
  5 frilled lizards
  4 rats
96 creatures vanquished.

Vanquished Creatures (others)
  A gnoll (D:3)
  9 demonic plants (D:3)
  7 fungi (D:3)
  4 plants (D:3)
  3 withered plants (D:3)
24 creatures vanquished.

Grand Total: 120 creatures vanquished

Notes
Turn   | Place    | Note
-------+----------+-------------------------------------------
     0 | D:1      | sleeves the Palentonga Artificer began the quest for the
                  | Orb.
     0 | D:1      | Reached XP level 1. HP: 16/16 MP: 1/1
     1 | D:1      | Noticed a vampire
     2 | D:1      | Noticed a troll
     4 | D:1      | Noticed a dwarf
     4 | D:1      | Noticed a naga
     6 | D:1      | Noticed a ghoul
     7 | D:1      | Noticed a dwarf
     8 | D:1      | Noticed a tengu
     9 | D:1      | Noticed a spriggan
    11 | D:1      | Noticed a dwarf
    11 | D:1      | Noticed a spriggan
    13 | D:1      | Noticed a merfolk
    16 | D:1      | Noticed a troll
    16 | D:1      | Noticed a vampire
    18 | D:1      | Noticed an octopode
    18 | D:1      | Noticed a barachi
    18 | D:1      | Noticed a demonspawn
    20 | D:1      | Noticed a ghoul
    22 | D:1      | Noticed a gargoyle
   205 | D:1      | HP: 8/16 [frozen (2)]
   208 | D:1      | Reached skill level 1 in Maces & Flails
   210 | D:1      | HP: 1/16 [ball python (3)]
   566 | D:1      | Reached XP level 2. HP: 18/22 MP: 2/2
   789 | D:1      | Reached skill level 2 in Maces & Flails
  1330 | D:2      | Found Feenum's Antique Armour Boutique.
  1491 | D:2      | Reached XP level 3. HP: 27/27 MP: 3/3
  1681 | D:2      | Reached skill level 3 in Maces & Flails
  1854 | D:2      | Found a glowing silver altar of Zin.
  2464 | D:3      | Found a faded altar of an unknown god.
  2516 | D:3      | Reached XP level 4. HP: 34/34 MP: 4/4
  2574 | D:3      | HP: 15/34 [gnoll/+0 spear (6)]
  2579 | D:3      | HP: 10/34 [gnoll/+0 spear (2)]
  2986 | D:3      | Found a hide-covered altar of Uskayaw.
  3050 | D:3      | HP: 16/34 [gnoll/+0 club (7)]
  3340 | D:3      | Reached skill level 4 in Maces & Flails
  3403 | D:3      | Found a broken altar of Ashenzari.
  3407 | D:3      | Found a basalt altar of Yredelemnul.
  3497 | D:3      | Reached XP level 5. HP: 38/39 MP: 5/5
  3712 | D:3      | Found an ornate altar of the Wu Jian Council.
  3793 | D:3      | Noticed Jessica
  3811 | D:3      | Killed Jessica
  3812 | D:3      | Reached skill level 5 in Maces & Flails
  4018 | D:4      | HP: 15/39 [dart slug/slug dart (5)]
  4426 | D:4      | Noticed a black bear
  4649 | D:4      | Reached skill level 6 in Maces & Flails
  4649 | D:4      | Reached XP level 6. HP: 29/46 MP: 6/6
  5136 | D:5      | Entered Level 5 of the Dungeon
  5148 | D:5      | Found a white marble altar of Elyvilon.
  5239 | D:5      | Found an iron altar of Okawaru.
  5255 | D:5      | Reached skill level 7 in Maces & Flails
  5283 | D:5      | Gained mutation: You curl defensively after being hit. (AC
                  | +7*) [Palentonga growth]
  5283 | D:5      | Reached XP level 7. HP: 43/51 MP: 7/7
  5356 | D:5      | Reached skill level 8 in Maces & Flails
  5535 | D:5      | Found a blossoming altar of Fedhas.
  5593 | D:5      | HP: 25/51 [orc/+0 flail (7)]
  5594 | D:5      | HP: 11/51 [orc/+0 club (2)]
  5597 | D:5      | Killed from afar by an orc priest

Illustrated notes

Levels and vault maps discovered:
D:1:      shiori_arrival_whats_in_store_for_you, layout_rooms
D:2:      layout_basic, basic_altar, serial_shops, shop
D:3:      layout_basic, mainiacjoe_overflow_small_starburst, lemuel_tele_altar,
          minitemple, shapermc_ecumenical_altar_gd, minmay_strange_pillars,
          uniq_jessica
D:4:      layout_rooms
D:5:      layout_cave_pools, mainiacjoe_overflow_paths, okawaru_trees_1,
          kennysheep_little_box, fedhas_bush_and_centaur_altar,
          kennysheep_crisscross

Skill      XL: |  1  2  3  4  5  6  7 |
---------------+----------------------+-----
Maces & Flails | 1 2 3 4 6 7 8 |  8.2
Fighting       | |  1.0
Armour         | |  1.5
Dodging        | |  0.7
Stealth        | |  0.5
Evocations     | |  2.6

Action                   |  1- 3 |  4- 6 |  7- 9 || total
-------------------------+-------+-------+-------++-------
Melee: Club              |    87 |       |       ||    87
       Tailslap          |    12 |    25 |     3 ||    40
       Punch             |     2 |     2 |       ||     4
       Whip              |    54 |   217 |    27 ||   298
Throw: Stone             |     2 |     7 |       ||     9
       Boomerang         |    29 |       |       ||    29
       Dart              |       |     4 |       ||     4
Evoke: Wand              |    11 |     2 |       ||    13
  Use: Scroll            |       |       |     2 ||     2
Armor: Leather armour    |    29 |    45 |    21 ||    95
       Ring mail         |    67 |    30 |       ||    97
       Robe              |       |    36 |       ||    36
Dodge: Dodged            |    67 |   106 |    15 ||   188
